 Dungeon Crawl Stone Soup version 0.30-a0-629-gd54f4be4f7 (webtiles) character file.

Game seed: 14300737354596532599

42 elagabalus the Stinger (level 3, 0/19 HPs)
             Began as a Tengu Venom Mage on Jan 13, 2023.
             Slain by Robin
             ... wielding a +0 club
              (4 damage)
             ... on level 3 of the Dungeon.
             The game lasted 00:21:22 (1937 turns).

elagabalus the Stinger (Tengu Venom Mage)           Turns: 1937, Time: 00:21:23

Health: 0/19       AC:  2    Str:  8    XL:     3   Next: 56%
Magic:  0/7        EV: 12    Int: 17    God:
Gold:   144        SH:  0    Dex: 14    Spells: 0/6 levels left

rFire   . . .      SeeInvis .    c - +0 rapier
rCold   . . .      Faith    .    (no shield)
rNeg    . . .      Spirit   .    a - +0 robe
rPois   +          Reflect  .    (helmet restricted)
rElec   .          Harm     .    (no cloak)
rCorr   .          Rampage  .    (no gloves)
Will    .....                    (boots unavailable)
Stlth   ++                       (no amulet)
HPRegen 0.23/turn                d - ring of poison resistance
MPRegen 0.10/turn                k - ring of poison resistance

@: no status effects
A: beak, talons 3
a: no special abilities


You were on level 3 of the Dungeon.
You visited 1 branch of the dungeon, and saw 3 of its levels.

You collected 144 gold pieces.

Inventory:

Hand Weapons
 c - a +0 rapier (weapon)
Missiles
 h - a throwing net
Armour
 a - a +0 robe (worn)
Jewellery
 d - a ring of poison resistance (left hand)
 k - a ring of poison resistance (right hand)
Scrolls
 f - a scroll of amnesia
Potions
 b - a potion of magic
 e - a potion of flight {unknown}
 g - a potion of invisibility
 i - a potion of ambrosia {unknown}
 j - 2 potions of cancellation


   Skills:
 - Level 2.1 Dodging
 - Level 2.0 Stealth
 - Level 2.0 Spellcasting
 - Level 0.7 Transmutations
 * Level 2.3 Air Magic
 - Level 4.0 Poison Magic


You couldn't memorise any spells.
You knew the following spells:

 Your Spells              Type           Power      Damage    Failure   Level
a - Sting                 Tmut/Pois      36%        1d4       8%          1
b - Poisonous Vapours     Pois/Air       24%        N/A       8%          2
c - Mephitic Cloud        Conj/Pois/Air  8%         N/A       24%         3

Your spell library contained the following spells:

 Spells                   Type           Power      Damage    Failure   Level
 Static Discharge         Conj/Air       10%        2-3/arc   19%         2
 Vhi's Electric Charge    Tloc/Air       10%        N/A       34%         3
 Olgreb's Toxic Radiance  Pois           15%        N/A       36%         4
 Arcjolt                  Conj/Air       2%         1d12      97%         5
 Lightning Bolt           Conj/Air       2%         1d14      97%         5


Dungeon Overview and Level Annotations

Branches:
Dungeon (3/15)

Altars:
Elyvilon

Shops:
D:1 ?   D:2 *

Annotations:
D:3 Robin


Innate Abilities, Weirdness & Mutations

You have a beak for a mouth.
You have claws for feet.


Message History

The sting hits the goblin.
The goblin is poisoned.
You kill the goblin!
Magic courses through your body. The goblin misses you.
Aiming: Poisonous Vapours (safe; 9% risk of failure)
Press: ? - help, Q - select action, (/) - cycle Dir - move target, f - goblin
Aim: a goblin, wielding a +0 club Poisonous vapours surround the goblin!
The goblin is poisoned.
The goblin hits you with a +0 dagger.
Aiming: Poisonous Vapours (safe; 9% risk of failure)
Press: ? - help, Q - select action, (/) - cycle Dir - move target, f - Robin, p - goblin
Aim: Robin, wielding a +0 club, wearing a +0 animal skin and wearing a +0 helmet Poisonous vapours surround Robin!
Robin is poisoned.
The goblin hits you with a +0 dagger. The goblin attacks as you move away!
The goblin misses you.
The goblin looks more healthy.
The goblin closely misses you.
Aiming: Poisonous Vapours (safe; 9% risk of failure)
Press: ? - help, Q - select action, (/) - cycle Dir - move target, f - goblin, p - Robin
Aim: a goblin, wielding a +0 dagger (severely wounded, strong) Poisonous vapours surround the goblin!
The goblin is poisoned.
The goblin barely misses you. x2
You hit the goblin.
You kill the goblin!
You hit the goblin.
You kill the goblin!
Robin hits you with a +0 club. x2
* * * LOW HITPOINT WARNING * * *
Robin closely misses you.
Things that are here:
a +0 dagger; a +0 club; a goblin corpse
Aiming: Poisonous Vapours (safe; 8% risk of failure)
Press: ? - help, Q - select action, (/) - cycle Dir - move target, f - Robin
Aim: Robin, wielding a +0 club, wearing a +0 animal skin and wearing a +0 helmet (lightly wounded, poisoned) Poisonous vapours surround Robin!
Robin looks even sicker.
Robin hits you with a +0 club.
* * * LOW HITPOINT WARNING * * *
Things that are here:
a +0 club; a goblin corpse You see here a +0 club.
Robin attacks as you move away! Robin hits you with a +0 club.
You die...

#...#
#.............###.###
#...##########......# #.#
##..........# #..<...#
#.#
....#######.###...)..#
#..
...................).#
###
....####.#..###.....)#
....# #.#..# #......#
....# #.#..#######.##
....####.##.....@g).#
#.............#######
#.#.####.###..# #.#.#
#.#....# #.#.# #.#....#
#.#.# #.#....###########
#.#.# #.#....#.....b.(.#
#.#.####.#....###.#####b#
#.#.......<...# #.# #.#


You could see Robin (very poisoned).

Vanquished Creatures
  A dart slug (D:1)
  3 bats (D:1)
  3 endoplasms
  15 goblins
  4 hobgoblins
  3 ball pythons
  A frilled lizard (D:2)
  3 kobolds
  3 rats (D:1)
36 creatures vanquished.

Notes
Turn   | Place    | Note
-------+----------+-------------------------------------------
     0 | D:1      | elagabalus the Tengu Venom Mage began the quest for the
                  | Orb.
     0 | D:1      | Reached XP level 1. HP: 10/10 MP: 4/4
   312 | D:1      | Reached XP level 2. HP: 15/15 MP: 0/6
   319 | D:1      | Learned a level 2 spell: Poisonous Vapours
   398 | D:1      | Found Feiw's Magic Scroll Boutique.
  1033 | D:2      | Reached skill level 4 in Poison Magic
  1110 | D:2      | Reached skill level 1 in Air Magic
  1110 | D:2      | Reached XP level 3. HP: 19/19 MP: 4/7
  1114 | D:2      | Learned a level 3 spell: Mephitic Cloud
  1284 | D:2      | Found Koaxaziu's Assorted Antiques.
  1632 | D:3      | Found a white marble altar of Elyvilon.
  1639 | D:3      | Noticed Robin
  1937 | D:3      | Slain by Robin

Illustrated notes

Levels and vault maps discovered:
D:1:      onia_arrival_mini_spirals, layout_loops_corners, serial_shops,
          nicolae_shop_crystal
D:2:      layout_basic, serial_shops, shop
D:3:      layout_basic, lemuel_doored_altar, elyvilon_altar_5, uniq_jessica,
          uniq_robin

Skill      XL: |  1  2  3 |
---------------+----------+-----
Poison Magic   | 4 |  4.0
Air Magic      | 1 2 |  2.3
Dodging        | |  2.1
Stealth        | |  2.0
Spellcasting   | |  2.0
Transmutations | |  0.7

Action                   || total
-------------------------++-------
Melee: Rapier            ||    11
       Kick              ||     3
       Peck              ||     1
 Cast: Sting             ||    30
       Poisonous Vapours ||    16
       Mephitic Cloud    ||     1
  Use: Scroll            ||     8
       Potion            ||     1
Armor: Robe              ||     6
Dodge: Dodged            ||    30

Table legend: (Time is in decaauts)
 A = Elapsed time spent in this place.
 B = Non-inter-level travel time spent in this place.
 C = Inter-level travel time spent in this place.
 D = Time resting spent in this place.
 E = Time spent auto-exploring this place.
 F = Levels seen in this place.
 G = Mean time per level.
                   A        B        C        D        E       F      G
               +--------+--------+--------+--------+--------+-----+--------+
         Total |   1939 |    538 |   1401 |      0 |      0 |   3 |  646.3 |
       Dungeon |   1939 |    538 |   1401 |      0 |      0 |   3 |  646.3 |
               +--------+--------+--------+--------+--------+-----+--------+

Top non-repeatable levels by time:
     D:1: 861 daAuts
     D:2: 721 daAuts
     D:3: 356 daAuts
